 Dungeon Crawl Stone Soup version 0.30-a0-23-ge60ba3568b (webtiles) character file.

Game seed: 8102608968798137870

2296 AttackTheMoon the Covert (level 9, -15/56 HPs)
             Began as a Kobold Delver on Aug 24, 2022.
             Was a Believer of Dithmenos.
             Demolished by an orc knight
             ... wielding a +0 battleaxe
              (21 damage)
             ... in a bailey.
             The game lasted 00:17:44 (7370 turns).

AttackTheMoon the Covert (Kobold Delver)            Turns: 7370, Time: 00:17:45

Health: -15/56     AC: 10    Str: 10    XL:     9   Next: 67%
Magic:  0/9        EV: 17    Int: 15    God:    Dithmenos [**....]
Gold:   417        SH:  0    Dex: 18    Spells: 8/8 levels left

rFire   + + .      SeeInvis .    t - +4 rapier of Victory {venom, rF+ rC+ Int-2}
rCold   + + .      Faith    .    (no shield)
rNeg    . . .      Spirit   +    b - +0 leather armour
rPois   +          Reflect  .    u - +1 helmet
rElec   +          Harm     .    I - +2 cloak {rPois}
rCorr   +          Rampage  .    (no gloves)
Will    .....                    y - +1 pair of boots {Stlth+}
Stlth   +++++++++.               k - amulet "Fegutumy" {Spirit +Blink Int+4 Stlth+}
HPRegen 0.18/turn                m - ring of protection from cold
MPRegen 0.11/turn                v - ring "Cav Comn" {rElec rF+ rCorr}

@: wreathed by umbra
A: small, no large weapons, nightstalker 3
a: Renounce Religion, Evoke Blink, Shadow Step


You were in a bailey.
You worshipped Dithmenos.
Dithmenos was pleased with you.
You visited 1 branch of the dungeon, and saw 7 of its levels.
You also visited: Sewer and Bailey.

You collected 417 gold pieces.

Inventory:

Hand Weapons
 t - the +4 rapier of Victory (weapon) {venom, rF+ rC+ Int-2}
   (You found it on level 3 of the Dungeon)

   It poisons the flesh of those it strikes.
   Int:       It affects your intelligence (-2).
   rF:        It protects you from fire.
   rC:        It protects you from cold.
Missiles
 i - 7 boomerangs
 q - an atropa-tipped dart
Armour
 b - a +0 leather armour (worn)
 u - a +1 helmet (worn)
 y - a +1 pair of boots of stealth (worn)
 I - a +2 cloak of poison resistance (worn)
Jewellery
 k - the amulet "Fegutumy" (around neck) {Spirit +Blink Int+4 Stlth+}
   (You acquired it on level 1 of the Dungeon)

   [amulet of guardian spirit]

   It causes incoming damage to be divided between your reserves of health and
   magic.
   Int:       It affects your intelligence (+4).
   +Blink:    It lets you blink.
   Stlth:     It makes you more stealthy.
 m - a ring of protection from cold (left hand)
 v - the ring "Cav Comn" (right hand) {rElec rF+ rCorr}
   (You found it on level 3 of the Dungeon)

   [ring of resist corrosion]

   rF:        It protects you from fire.
   rElec:     It insulates you from electricity.
   rCorr:     It protects you from acid and corrosion.
Wands
 g - a wand of digging (3)
 J - a wand of flame (6) (quivered)
Scrolls
 c - 2 scrolls of fog
 d - a scroll of identify
 e - 4 scrolls of fear
 o - 4 scrolls of teleportation
 r - 2 scrolls of amnesia
 w - a scroll of summoning
 E - a scroll of enchant armour
 H - 2 scrolls of blinking
Potions
 j - 3 potions of degeneration
 l - 2 potions of might
 n - 4 potions of brilliance
 p - 2 potions of attraction
 s - 6 potions of flight
 x - 3 potions of mutation
 z - 2 potions of resistance
 A - a potion of ambrosia
 B - 2 potions of heal wounds
 C - a potion of lignification
 D - 2 potions of curing
 G - a potion of magic


   Skills:
 + Level 6.5 Fighting
 + Level 7.3 Short Blades
 + Level 4.2 Throwing
 + Level 6.6 Dodging
 + Level 10.0 Stealth
 + Level 5.8 Evocations


You had 8 spell levels left.
You didn't know any spells.
Your spell library contained the following spells:

 Spells                   Type           Power      Damage    Failure   Level
 Necrotise                Necr           0%         1d4       36%         1
 Static Discharge         Conj/Air       0%         3-3/arc   50%         2
 Call Canine Familiar     Summ           0%         N/A       73%         3
 Confusing Touch          Hex            0%         N/A       73%         3
 Portal Projectile        Hex/Tloc       0%         N/A       73%         3
 Vampiric Draining        Necr           0%         2d6       73%         3
 Dispel Undead            Necr           0%         3d6       98%         4
 Leda's Liquefaction      Hex/Erth       0%         N/A       98%         4
 Sticky Flame             Conj/Fire      0%         2d3       98%         4
 Agony                    Necr           0%         N/A       100%        5
 Yara's Violent Unravell  Hex/Tmut       0%         3d3       100%        5
 Enfeeble                 Hex            0%         N/A       100%        7


Dungeon Overview and Level Annotations

Branches:
Dungeon (7/15)              Sewer (visited)          Bailey (1/1)
 Temple: D:4-7

Altars:
Dithmenos
Xom
Yredelemnul
The Shining One


Innate Abilities, Weirdness & Mutations

You are small and have problems with some larger weapons.
You are completely attuned to the shadows.


Message History

Press: ? - help, Q - select action, (/) - cycle Shift-Dir - straight line, f/p - orc knight
Aim: an orc knight, wielding a +0 battleaxe and wearing a +0 plate armour (66% to hit, chance to blind on hit: 51%)
You throw an atropa-tipped dart.
The atropa-tipped dart completely misses the orc knight.
Throw: 3 darts (atropa)
Press: ? - help, Q - select action, (/) - cycle Shift-Dir - straight line, f/p - orc knight
Aim: an orc knight, wielding a +0 battleaxe and wearing a +0 plate armour (66% to hit, chance to blind on hit: 47%)
You throw an atropa-tipped dart.
The atropa-tipped dart hits the orc knight.
The orc knight resists.
Throw: 2 darts (atropa)
Press: ? - help, Q - select action, (/) - cycle Shift-Dir - straight line, f/p - orc knight
Aim: an orc knight, wielding a +0 battleaxe and wearing a +0 plate armour (umbra, 66% to hit, chance to blind on hit: 47%)
You throw an atropa-tipped dart.
The atropa-tipped dart barely misses the orc knight.
The atropa-tipped dart hits the gnoll.
The gnoll appears confused.
Throw: throwing net
Press: ? - help, Q - select action, (/) - cycle Shift-Dir - straight line, f/p - orc knight
Aim: an orc knight, wielding a +0 battleaxe and wearing a +0 plate armour (umbra, 66% to hit)
You throw a throwing net.
The throwing net barely misses the orc knight.
The orc knight closely misses you.
Aiming: Throw Flame
Press: ? - help, Q - select action, (/) - cycle Shift-Dir - straight line, f/p - orc knight
Aim: an orc knight, wielding a +0 battleaxe and wearing a +0 plate armour (umbra, 74% to hit)
The puff of flame misses the orc knight.
The orc knight hits you with a +0 battleaxe!
The orc knight drinks a potion.
The orc knight seems to grow stronger.
Aiming: Throw Flame
Press: ? - help, Q - select action, (/) - cycle Shift-Dir - straight line, f/p - orc knight
Aim: an orc knight, wielding a +0 battleaxe and wearing a +0 plate armour (strong, 74% to hit)
The puff of flame hits the orc knight but does no damage.
Unknown command.
The orc knight attacks as you move away!
The orc knight hits you with a +0 battleaxe!!
Ouch! That really hurt!
* * * LOW HITPOINT WARNING * * *
There is a gate leading back out of this place here.
The orc knight hits you with a +0 battleaxe!!
You die...

~~#..........#
.o()...8.)8..#
#####........#
~~##......##≈
.[~#.g...##...♣
..!~#.((.##....♣
8.8##...(#.....♣♣
...#.....'......♣
..o#.....'...∩o@♣
...#.....'......♣
8.8##....#.=...♣♣
..?~#....##....♣
..:~#.....##...♣
~~~##......##≈≈♣
#####........#≈≈♣
..'....8..8..#≈≈♣
~~#..........#≈≈♣


You could see an orc knight (strong).

Vanquished Creatures
  A wyvern (D:7)
  Eustachio (D:6)
  2 ice beasts
  4 orc warriors
  2 black bears
  An ogre (D:4)
  2 phantoms
  A bullfrog (D:6)
  A necrophage (D:7)
  A scorpion (D:7)
  2 howler monkeys (D:4)
  3 hounds
  3 orc priests
  Crazy Yiuf (D:6)
  3 iguanas
  6 orc wizards
  Robin (D:2)
  5 gnolls
  9 adders
  3 river rats
  A shadow imp (D:7)
  4 white imps
  3 worms
  4 dart slugs
  19 orcs
  7 endoplasms
  2 giant cockroaches (D:4)
  14 goblins
  13 hobgoblins
  2 quokkas
  7 ball pythons
  4 bats
  8 frilled lizards
  A goblin skeleton (D:4)
  4 hobgoblin zombies (D:4)
  5 kobolds
  2 kobold skeletons (D:4)
  A kobold zombie (D:4)
  2 orc zombies (D:4)
  8 rats
163 creatures vanquished.

Notes
Turn   | Place    | Note
-------+----------+-------------------------------------------
     0 | D:5      | AttackTheMoon the Kobold Delver began the quest for the
                  | Orb.
     0 | D:5      | Reached XP level 1. HP: 14/14 MP: 1/1
    35 | D:5      | Noticed a jelly
    68 | D:4      | Reached XP level 2. HP: 19/19 MP: 2/2
   130 | D:4      | Reached skill level 1 in Evocations
   130 | D:4      | Reached XP level 3. HP: 23/23 MP: 3/3
   177 | D:4      | Found a glowing golden altar of the Shining One.
   203 | D:4      | Noticed an ogre
   205 | D:4      | Reached skill level 7 in Stealth
   205 | D:4      | Reached XP level 4. HP: 29/29 MP: 4/4
   206 | D:4      | Killed an ogre
   207 | D:4      | Reached XP level 5. HP: 33/33 MP: 5/5
   284 | D:4      | Reached XP level 6. HP: 28/38 MP: 6/6
   813 | D:2      | Found a faded altar of an unknown god.
   841 | D:2      | Found a basalt altar of Yredelemnul.
  1671 | D:2      | Noticed Robin
  1689 | D:2      | Killed Robin
  2952 | D:1      | Identified a scroll of acquirement
  2952 | D:1      | Acquired the amulet "Fegutumy" {Spirit +Blink Int+4 Stlth+}
  3192 | D:3      | Found a shadowy altar of Dithmenos.
  3202 | D:3      | Became a worshipper of Dithmenos the Shadowed
  3439 | D:3      | Identified the +4 rapier of Victory {venom, rF+ rC+ Int-2}
  3653 | D:3      | Reached XP level 7. HP: 36/44 MP: 7/7
  3661 | D:3      | Identified the ring "Cav Comn" {rElec rF+ rCorr}
  3869 | D:4      | Reached skill level 8 in Stealth
  4820 | D:5      | Reached skill level 5 in Short Blades
  4820 | D:5      | Reached skill level 1 in Throwing
  4871 | D:5      | Reached skill level 5 in Fighting
  5067 | D:5      | Reached skill level 5 in Dodging
  5067 | D:5      | Reached XP level 8. HP: 49/49 MP: 6/8
  5818 | D:6      | Reached * piety under Dithmenos
  5873 | D:6      | Found a glowing drain.
  5879 | Sewer    | Entered a sewer
  6024 | Sewer    | Reached skill level 9 in Stealth
  6227 | D:6      | Found a runed translucent door.
  6230 | D:6      | Noticed Crazy Yiuf
  6235 | D:6      | Killed Crazy Yiuf
  6330 | D:6      | Reached ** piety under Dithmenos
  6518 | D:6      | Noticed Eustachio
  6522 | D:6      | Killed Eustachio
  6523 | D:6      | Reached skill level 5 in Evocations
  6523 | D:6      | Reached XP level 9. HP: 55/55 MP: 9/9
  6809 | D:7      | Found a shimmering altar of Xom.
  6868 | D:7      | Found a shimmering altar of Xom.
  6868 | D:7      | Found a shimmering altar of Xom.
  6873 | D:7      | Found a shimmering altar of Xom.
  6892 | D:7      | Found a shimmering altar of Xom.
  7099 | D:7      | Found a flagged portal.
  7168 | Bailey   | Entered a bailey
  7214 | Bailey   | Noticed an orc warlord
  7248 | Bailey   | Reached skill level 10 in Stealth
  7347 | Bailey   | Noticed an orc knight
  7370 | Bailey   | Demolished by an orc knight

Illustrated notes

Levels and vault maps discovered:
D:1:      tarquinn_simple_flora_water_b, layout_basic
D:2:      layout_loops_corners, basic_altar, nicolae_ecumenical_pavilion,
          grunt_ministairs_8, st_stairs_14, uniq_robin
D:3:      layout_loops_ring, nicolae_dithmenos_through_a_glass_darkly,
          minmay_misc_feat_room, kennysheep_decorative_pillar,
          minmay_misc_feat_roman
D:4:      layout_rooms, nicolae_tso_besieged_by_evil, serial_glass,
          glass_columns_b, glass_columns_a, glass_columns_a, glass_columns_a,
          glass_columns_b, glass_columns_a, hangedman_decor_growths,
          kennysheep_generic_room_16
D:5:      layout_rooms, serial_bayou_pond_c, grunt_ministairs_7,
          nicolae_hexahallways
D:6:      layout_rooms, cheibrodos_sewer_entry_sluice, minmay_misc_feat_pillars,
          nicolae_elevator_lobby_asterisk, uniq_eustachio,
          uniq_crazy_yiuf_cottage
D:7:      kennysheep_seaside_town, layout_rooms, xom_shifter_show,
          minmay_temple_entry_glassed_door, enter_bailey_1
Bailey:   bailey_axe_bossmonster_kennysheep, bailey

Skill      XL: |  1  2  3  4  5  6  7  8  9 |
---------------+----------------------------+-----
Short Blades   | 3 4 5 6 7 |  7.3
Evocations     | 1 2 3 5 |  5.8
Dodging        | 3 4 5 6 |  6.6
Stealth        | 7 8 9 10 | 10.0
Fighting       | 4 5 6 |  6.5
Throwing       | 1 3 4 |  4.2

Action                   |  1- 3 |  4- 6 |  7- 9 || total
-------------------------+-------+-------+-------++-------
Melee: Short sword       |     5 |    96 |       ||   101
       Dagger            |       |    34 |       ||    34
       Rapier            |       |    16 |   204 ||   220
       Punch             |       |       |     7 ||     7
Throw: Dart              |       |       |    14 ||    14
       Throwing net      |       |       |     2 ||     2
 Abil: Evoke Blink       |       |       |     3 ||     3
Evoke: Wand              |     8 |    16 |     7 ||    31
  Use: Scroll            |       |    12 |    10 ||    22
       Potion            |       |     1 |       ||     1
 Stab: Sleeping          |     2 |    25 |    33 ||    60
       Distracted        |       |     1 |     1 ||     2
       Invisible         |       |       |     1 ||     1
Armor: Leather armour    |       |    18 |    32 ||    50
Dodge: Dodged            |     2 |    84 |   135 ||   221

Table legend: (Time is in decaauts)
 A = Elapsed time spent in this place.
 B = Non-inter-level travel time spent in this place.
 C = Inter-level travel time spent in this place.
 D = Time resting spent in this place.
 E = Time spent auto-exploring this place.
 F = Levels seen in this place.
 G = Mean time per level.
                   A        B        C        D        E       F      G
               +--------+--------+--------+--------+--------+-----+--------+
         Total |   7357 |   7058 |    299 |   1063 |   4558 |   9 |  817.4 |
       Dungeon |   6840 |   6541 |    299 |    981 |   4316 |   7 |  977.1 |
         Sewer |    320 |    320 |      0 |      0 |    223 |   1 |  320.0 |
        Bailey |    196 |    196 |      0 |     82 |     18 |   1 |  196.0 |
               +--------+--------+--------+--------+--------+-----+--------+

Top non-repeatable levels by time:
     D:2: 1493 daAuts
     D:5: 1287 daAuts
     D:3: 1050 daAuts
     D:1: 970 daAuts
     D:4: 955 daAuts
     D:6: 574 daAuts
     D:7: 510 daAuts
   Sewer: 320 daAuts
  Bailey: 196 daAuts
